 Dungeon Crawl Stone Soup version 0.23.2-40-g277498a001 (webtiles) character file.

Game seed: 12911485290662418716

1906 Exodus22XD the Destroyer (level 8, -3/41 HPs)
             Began as a Deep Elf Wizard on Sept 17, 2019.
             Was a Follower of Vehumet.
             Shot with an arrow by a centaur (13 damage)
             ... on level 6 of the Dungeon.
             The game lasted 00:24:30 (6718 turns).

Exodus22XD the Destroyer (Deep Elf Wizard)          Turns: 6718, Time: 00:24:30

Health: -3/41      AC:  5    Str:  4    XL:     8   Next: 94%
Magic:  5/20       EV: 13    Int: 26    God:    Vehumet [*.....]
Gold:   353        SH:  0    Dex: 16    Spells: 10/21 levels left

rFire    . . .     SeeInvis .   s - +1 dagger (holy)
rCold    . . .     Gourm    .   (no shield)
rNeg     . . .     Faith    .   a - +0 robe
rPois    .         Spirit   .   b - +0 hat
rElec    .         Reflect  .   o - +0 cloak
rCorr    .         Harm     .   c - +0 pair of gloves
MR       .....                  t - +0 pair of boots
Stlth    ++........             w - amulet of inaccuracy (curse)
HPRegen  0.13/turn              g - +3 ring of dexterity
MPRegen  0.17/turn              (no ring)

@: no status effects
A: no striking features
a: Renounce Religion


You were on level 6 of the Dungeon.
You worshipped Vehumet.
Vehumet was aware of your devotion.
You were not hungry.

You visited 2 branches of the dungeon, and saw 7 of its levels.

You collected 353 gold pieces.

Inventory:

Hand Weapons
 s - a +1 dagger of holy wrath (weapon)
Armour
 a - a +0 robe (worn)
 b - a +0 hat (worn)
 c - a +0 pair of gloves (worn)
 o - a +0 cloak (worn)
 t - a +0 pair of boots (worn)
Jewellery
 g - a +3 ring of dexterity (left hand)
 w - a cursed amulet of inaccuracy (around neck)
Wands
 u - a wand of acid (4)
 x - a wand of random effects (17)
 y - a wand of iceblast (7)
 z - a wand of scattershot (5)
Scrolls
 f - 2 scrolls of enchant weapon
 h - 3 scrolls of teleportation
 j - a scroll of remove curse {unknown}
 l - 2 scrolls of enchant armour
 p - a scroll of immolation {unknown}
 q - 2 scrolls of magic mapping {unknown}
 r - 2 scrolls of amnesia
Potions
 e - a potion of agility {unknown}
 i - 2 potions of cancellation {unknown}
 k - 3 potions of resistance
 m - 2 potions of heal wounds
 n - a potion of brilliance {unknown}
 v - a potion of degeneration {unknown}
Comestibles
 d - 5 rations
 A - a chunk of flesh


   Skills:
 - Level 2.4 Dodging
 - Level 2.4 Stealth
 - Level 7.2 Spellcasting
 * Level 8.4 Conjurations
 - Level 6.1 Summonings
 - Level 1.1 Translocations
 - Level 5.2 Fire Magic


You had 10 spell levels left.
You knew the following spells:

 Your Spells              Type           Power        Failure   Level  Hunger
a - Magic Dart            Conj           ####         1%          1    None
b - Call Imp              Summ           #####...     1%          2    None
c - Blink                 Tloc           N/A          6%          2    None
d - Conjure Flame         Conj/Fire      #####...     1%          3    None
e - Mephitic Cloud        Conj/Pois/Air  ###.....     6%          3    None

Your spell library contained the following spells:

 Spells                   Type           Power        Failure   Level  Hunger
 Sting                    Conj/Pois      ####         1%          1    None
 Slow                     Hex            #.......     10%         2    None


Dungeon Overview and Level Annotations

Branches:
Dungeon (6/15)             Temple (1/1) D:4

Altars:
Ashenzari
Cheibriados
Dithmenos
Fedhas
Gozag
Kikubaaqudgha
Makhleb
Nemelex Xobeh
Okawaru
Qazlal
Ru
Sif Muna
Trog
Vehumet
Yredelemnul
Zin
The Shining One


Message History

The centaur shoots an arrow.
The arrow misses your crimson imp. The arrow hits you!
Your crimson imp blinks!
Your crimson imp blinks!
The centaur shoots an arrow.
The arrow hits you!
The centaur shoots an arrow.
The arrow hits you.
* * * LOW HITPOINT WARNING * * *
Things that are here:
3 arrows; an orc corpse
Casting: Magic Dart (safe; 1% risk of failure)
Confirm with . or Enter, or press ? or * to list all spells.
You can't see any susceptible monsters within range! (Use Z to cast anyway.)
Casting: Magic Dart (safe; 1% risk of failure)
Confirm with . or Enter, or press ? or * to list all spells.
Aiming: Mephitic Cloud (safe; 6% risk of failure)
Press: ? - help, Shift-Dir - straight line Out of range.
Okay, then.
The centaur shoots an arrow.
The arrow hits you!
You die...

#.#........# #####..##...#
.##.#......c.###...........#
...........).§..............
..............##...........#
..............######...<...#
..........###§# #..†....).#
######)### #.# +..........
##########'### #(#
#..$....... .............#
#@# #........##
........)....+...#
#........#
.............#####
###.....># ............(#
#..?.#.. .............#
.............#######
...................#
......<............#
...[.............).#


You could see a centaur.

Vanquished Creatures
  Eustachio (D:6)
  Duvessa (D:6)
  2 ice beasts (D:5)
  A phantom (D:4)
  A sky beast (D:5)
  A centaur (D:6)
  A bullfrog (D:6)
  A wyvern zombie (D:6)
  Dowan (D:6)
  2 scorpions
  A crimson imp (D:5)
  3 hounds
  3 orc priests
  A gnoll shaman (D:5)
  8 orc wizards
  4 worker ants
  A hound skeleton (D:6)
  A worker ant zombie (D:6)
  Robin (D:3)
  6 gnolls
  3 adders
  2 shadow imps
  An ooze (D:2)
  3 dart slugs
  7 leopard geckos
  12 orcs
  7 bats
  A giant cockroach (D:3)
  17 goblins
  14 hobgoblins
  11 jackals
  3 quokkas
  2 ball pythons
  6 frilled lizards
  A jackal zombie (D:6)
  9 kobolds
  18 rats (D:1)
158 creatures vanquished.

Vanquished Creatures (collateral kills)
  A black bear (D:6)
  A scorpion (D:6)
  A crimson imp (D:6)
  A worker ant (D:6)
  2 orcs (D:6)
6 creatures vanquished.

Vanquished Creatures (others)
  A centaur (D:6)
1 creature vanquished.

Grand Total: 165 creatures vanquished

Notes
Turn   | Place    | Note
-------+----------+-------------------------------------------
     0 | D:1      | Exodus22XD the Deep Elf Wizard began the quest for the Orb.
     0 | D:1      | Reached XP level 1. HP: 10/10 MP: 7/7
   150 | D:1      | Reached skill level 2 in Conjurations
   213 | D:1      | Reached XP level 2. HP: 15/15 MP: 3/9
   412 | D:1      | Reached skill level 3 in Conjurations
   653 | D:1      | Reached XP level 3. HP: 19/19 MP: 8/10
   897 | D:2      | Found a shadowy altar of Dithmenos.
  1104 | D:2      | Reached skill level 4 in Conjurations
  1138 | D:2      | Reached XP level 4. HP: 24/24 MP: 0/12
  1461 | D:2      | Learned a level 2 spell: Call Imp
  1464 | D:2      | Learned a level 2 spell: Blink
  1468 | D:2      | Learned a level 3 spell: Conjure Flame
  1472 | D:2      | Learned a level 3 spell: Mephitic Cloud
  2109 | D:3      | Reached XP level 5. HP: 28/28 MP: 6/13
  2218 | D:3      | Noticed Robin
  2226 | D:3      | Killed Robin
  2740 | D:3      | Found a blossoming altar of Fedhas.
  2803 | D:3      | Found a snail-covered altar of Cheibriados.
  2894 | D:3      | Found an ancient bone altar of Kikubaaqudgha.
  2910 | D:3      | Found a basalt altar of Yredelemnul.
  2913 | D:3      | Found an opulent altar of Gozag.
  2938 | D:3      | Found a shadowy altar of Dithmenos.
  3043 | D:3      | Reached skill level 1 in Fire Magic
  3068 | D:3      | Reached XP level 6. HP: 32/32 MP: 12/14
  3251 | D:4      | Found a deep blue altar of Sif Muna.
  3370 | D:4      | Found a staircase to the Ecumenical Temple.
  3400 | Temple   | Entered the Ecumenical Temple
  3405 | Temple   | Became a worshipper of Vehumet
  4354 | D:5      | Entered Level 5 of the Dungeon
  4354 | D:5      | Noticed a sky beast
  4363 | D:5      | Noticed an ice beast
  4365 | D:5      | Killed a sky beast
  4365 | D:5      | Reached skill level 5 in Fire Magic
  4365 | D:5      | Reached XP level 7. HP: 27/36 MP: 0/15
  4549 | D:5      | Reached skill level 5 in Conjurations
  5091 | D:5      | Reached skill level 5 in Spellcasting
  5696 | D:5      | Reached XP level 8. HP: 41/41 MP: 5/20
  6089 | D:5      | Found a blossoming altar of Fedhas.
  6134 | D:6      | Noticed Duvessa
  6140 | D:6      | Killed Duvessa
  6140 | D:6      | Reached skill level 6 in Conjurations
  6146 | D:6      | Noticed Dowan
  6151 | D:6      | Noticed Eustachio
  6158 | D:6      | Reached skill level 7 in Conjurations
  6185 | D:6      | Reached * piety under Vehumet
  6185 | D:6      | Offered knowledge of Sting by Vehumet.
  6363 | D:6      | Killed Eustachio
  6363 | D:6      | Reached skill level 5 in Summonings
  6599 | D:6      | Reached skill level 8 in Conjurations
  6709 | D:6      | Killed Dowan
  6718 | D:6      | Shot with an arrow by a centaur

Skill      XL: |  1  2  3  4  5  6  7  8 |
---------------+-------------------------+-----
Conjurations   | 2 3 4 5 8 |  8.4
Summonings     | 3 4 6 |  6.1
Fire Magic     | 1 5 |  5.2
Spellcasting   | 7 |  7.2
Dodging        | |  2.4
Stealth        | |  2.4
Translocations | |  1.1

Action                   |  1- 3 |  4- 6 |  7- 9 || total
-------------------------+-------+-------+-------++-------
Melee: Unarmed           |     2 |       |       ||     2
       Dagger            |       |    12 |    16 ||    28
 Cast: Magic Dart        |    84 |   181 |   146 ||   411
       Mephitic Cloud    |       |     2 |    11 ||    13
       Call Imp          |       |     5 |     7 ||    12
       Conjure Flame     |       |     1 |    13 ||    14
Evoke: Wand              |       |       |     1 ||     1
  Use: Scroll            |       |       |     6 ||     6
 Stab: Confused          |       |       |     3 ||     3
  Eat: Chunk             |     1 |     8 |     9 ||    18
Armor: Robe              |     2 |     1 |    25 ||    28
Dodge: Dodged            |    11 |    27 |    56 ||    94
